AoeStats
← Jack Sparrow

MegaRandom

510389663Analyzed
4v4 RM · 1d ago on Sep 30, 2026· 57m 9s· 8 players
Game mode
Random Map
Map size
Large (8 player)
Population
200
Speed
Normal
Resources
Standard
Victory
Conquest
Starting age
Dark Age
Ending age
Imperial Age
RankedLock teamsTeams togetherTeam positionsShared explorationLock speedFull tech treeHidden civsTurbo modeCheats
Victory
Defeat
🇲🇽 Turks · Mexico
1057
+14
🇨🇳 Magyars · China
1003
+16
🇳🇱 Maya · Netherlands
998
+16
🇧🇦 Goths · Bosnia & Herzegovina
987
+16
🇹🇷 Tatars · Türkiye
1064
-18
🇨🇱 Armenians · Chile
1003
-16
🇳🇱 Vikings · Netherlands
972
-14
🇵🇱 Ethiopians · Poland
961
-14
likelisi017
7:05 Loom
11:56 Feudal Age
20:19 Castle Age
19:59 Double-Bit Axe
19:56 Horse Collar
22:14 Wheelbarrow
23:37 Stone Mining
24:29 Bow Saw
26:45 Town Watch
29:01 Heavy Plow
32:56 Imperial Age
31:44 Hand Cart
32:08 Bloodlines
31:59 Husbandry
31:54 Fletching
32:31 Ballistics
33:08 Bodkin Arrow
36:08 Conscription
37:11 Corvinian Army
37:43 Bracer
37:42 Murder Holes
38:48 Chemistry
39:30 Scale Barding Armor
50:03 Chain Barding Armor
50:52 Masonry
50:23 Treadmill Crane
51:26 Crop Rotation
51:59 Two-Man Saw
51:48 Plate Barding Armor
52:59 Elite Magyar Huszar
54:26 Caravan
55:58 Recurve Bow
56:34 Hoardings
RiesgoKai
14:10 Feudal Age
14:38 Horse Collar
14:44 Double-Bit Axe
14:51 Gold Mining
15:00 Loom
19:38 Castle Age
17:48 Fishing Lines
18:01 Stone Mining
21:57 Bow Saw
24:49 Gillnets
25:03 Treadmill Crane
26:57 Wheelbarrow
26:12 Town Watch
28:00 Hand Cart
28:56 Fletching
29:06 Padded Archer Armor
29:39 Ballistics
29:31 Masonry
30:03 Caravan
30:34 Coinage
34:33 Imperial Age
32:03 Town Patrol
32:13 Murder Holes
32:43 Sipahi
34:39 Bodkin Arrow
35:00 Leather Archer Armor
35:24 Elite Janissary
36:46 Hoardings
37:24 Ring Archer Armor
41:05 Architecture
40:46 Fortified Wall
41:16 Bracer
41:27 Forging
42:19 Guilds
42:39 Banking
48:09 Iron Casting
47:35 Scale Mail Armor
47:35 Arrowslits
47:41 Guard Tower
50:47 Keep
53:50 Blast Furnace
53:06 Chain Mail Armor
52:57 Scale Barding Armor
56:05 Heated Shot
56:37 Bombard Tower
56:21 Artillery
56:42 Conscription
55:52 Sappers
56:57 Plate Mail Armor
56:47 Chain Barding Armor
Extremeborg
3:45 Loom
12:15 Feudal Age
16:34 Castle Age
14:39 Double-Bit Axe
15:06 Horse Collar
15:42 Gold Mining
18:09 Wheelbarrow
21:56 Heavy Plow
24:25 Bow Saw
27:35 Hand Cart
27:06 Town Watch
31:02 Imperial Age
28:31 Town Watch
31:12 Caravan
31:19 Scale Mail Armor
31:29 Forging
31:22 Anarchy
31:25 Squires
32:09 Conscription
31:57 Perfusion
32:35 Elite Huskarl
33:33 Chain Mail Armor
35:41 Chemistry
35:19 Crop Rotation
35:53 Two-Man Saw
35:29 Ballistics
35:59 Iron Casting
35:35 Town Patrol
37:42 Blast Furnace
38:08 Masonry
37:34 Man-at-Arms
40:43 Long Swordsman
41:23 Two-Handed Swordsman
41:47 Champion
44:02 Architecture
Max
0:45 Loom
11:41 Feudal Age
12:05 Horse Collar
14:37 Double-Bit Axe
18:10 Fletching
22:39 Castle Age
21:08 Padded Archer Armor
23:20 Bodkin Arrow
24:06 Leather Archer Armor
24:52 Heavy Plow
26:24 Gold Mining
27:41 Crossbowman
29:21 Wheelbarrow
29:33 Stone Mining
30:01 Bow Saw
30:47 Hand Cart
35:21 Imperial Age
34:18 Forging
34:09 Scale Mail Armor
34:56 Ballistics
34:52 Pikeman
37:12 Chemistry
36:16 Bracer
38:46 Conscription
43:33 Crop Rotation
44:08 Two-Man Saw
43:20 Thumb Ring
43:57 Arbalester
46:02 Caravan
48:29 Holcans
47:25 Eagle Warrior
48:08 Squires
48:46 Iron Casting
48:27 Chain Mail Armor
50:01 Elite Eagle Warrior
51:24 Plate Mail Armor
51:56 Blast Furnace
50:43 Arson
51:57 Ring Archer Armor
Blyad _Mann
0:28 Loom
13:49 Feudal Age
14:10 Horse Collar
14:16 Double-Bit Axe
20:17 Castle Age
18:29 Scale Mail Armor
18:37 Gold Mining
18:38 Stone Mining
19:53 Stone Mining
21:11 Bow Saw
21:17 Heavy Plow
22:21 Forging
22:26 Chain Mail Armor
30:11 Iron Casting
33:47 Imperial Age
33:14 Fletching
33:24 Padded Archer Armor
34:01 Gold Shaft Mining
33:38 Squires
33:24 Arson
33:45 Chieftains
34:01 Elite Varangian Guard
35:49 Two-Man Saw
35:22 Plate Mail Armor
35:52 Blast Furnace
34:49 Bodkin Arrow
35:09 Leather Archer Armor
36:18 Conscription
38:33 Bracer
41:05 Elite Berserk
42:19 Ring Archer Armor
Don Wea
9:53 Feudal Age
9:23 Loom
13:57 Castle Age
12:40 Double-Bit Axe
23:32 Sanctity
23:24 Fervor
24:58 Horse Collar
25:31 Bow Saw
25:14 Gold Mining
26:39 Wheelbarrow
26:34 Heavy Plow
28:06 Gold Shaft Mining
30:59 Imperial Age
28:44 Hand Cart
28:42 Forging
28:32 Scale Mail Armor
29:39 Gambesons
29:55 Squires
29:17 Man-at-Arms
29:43 Arson
30:59 Iron Casting
30:39 Chain Mail Armor
31:18 Long Swordsman
33:07 Blast Furnace
33:05 Plate Mail Armor
32:04 Two-Handed Swordsman
32:56 Champion
34:43 Fereters
34:58 Conscription
Jack Sparrow
7:08 Loom
12:04 Feudal Age
17:08 Castle Age
16:34 Fletching
16:45 Padded Archer Armor
16:33 Double-Bit Axe
23:25 Ballistics
24:25 Leather Archer Armor
29:16 Wheelbarrow
29:42 Gold Mining
37:17 Imperial Age
36:38 Bodkin Arrow
37:30 Husbandry
37:44 Bloodlines
39:08 Heavy Cavalry Archer
42:25 Bow Saw
42:18 Bracer
42:49 Ring Archer Armor
47:40 Chemistry
46:35 Elite Skirmisher
55:15 Gold Shaft Mining
Helenka
13:30 Feudal Age
14:06 Double-Bit Axe
19:16 Castle Age
19:59 Wheelbarrow
19:10 Loom
25:02 Horse Collar
25:50 Bow Saw
26:39 Elite Skirmisher
30:50 Gold Mining
30:51 Stone Mining
31:27 Forging
31:08 Fletching
31:20 Padded Archer Armor
31:20 Scale Mail Armor
35:49 Imperial Age
34:24 Squires
34:09 Arson
35:04 Iron Casting
34:25 Bodkin Arrow
34:45 Chain Mail Armor
34:46 Leather Archer Armor
34:33 Crossbowman
35:18 Thumb Ring
36:20 Gold Shaft Mining
36:21 Stone Shaft Mining
35:48 Heavy Plow
35:55 Arbalester
36:42 Bracer
38:37 Two-Man Saw
39:08 Blast Furnace
38:38 Plate Mail Armor
40:45 Ring Archer Armor
41:07 Hand Cart
40:22 Halberdier
42:32 Conscription
42:49 Royal Heirs
47:49 Ballistics
47:40 Masonry
48:47 Caravan
Connection lost

Rejoining the realm…

Still unreachable

The connection could not be restored.

Session expired

The server has moved on; the page needs a fresh start.